 Dungeon Crawl Stone Soup version 0.26.1-15-g04117e645d (webtiles) character file.

Game seed: 3813391079612884821

27 suipiss the Grave Robber (level 2, 0/19 HPs)
             Began as a Mummy Necromancer on Dec 29, 2022.
             Slain by an adder (1 damage)
             ... on level 1 of the Dungeon.
             The game lasted 00:01:45 (1529 turns).

suipiss the Grave Robber (Mummy Necromancer)        Turns: 1529, Time: 00:01:45

Health: 0/19       AC:  2    Str: 11    XL:     2   Next: 93%
Magic:  0/6        EV: 12    Int: 14    God:
Gold:   33         SH:  0    Dex: 12    Spells: 5/7 levels left

rFire    x . .     SeeInvis .   c - +0 club
rCold    + . .     Faith    .   (no shield)
rNeg     + + +     Spirit   .   a - +0 robe
rPois    ∞         Reflect  .   (no helmet)
rElec    .         Harm     .   (no cloak)
rCorr    .         Rampage  .   (no gloves)
Will     .....                  (no boots)
Stlth    ++........             (no amulet)
HPRegen  0.06/turn              (no ring)
MPRegen  0.10/turn              (no ring)

@: no status effects
A: no potions, fire vulnerability, cold resistance 1, negative energy resistance
3, torment resistance, unbreathing
a: no special abilities


You were on level 1 of the Dungeon.
You visited 1 branch of the dungeon, and saw 2 of its levels.

You collected 33 gold pieces.

Inventory:

Hand Weapons
 c - a +0 club (weapon)
Armour
 a - a +0 robe (worn)
Scrolls
 d - a scroll of random uselessness


   Skills:
 + Level 0.4 Armour
 + Level 1.7 Dodging
 + Level 1.7 Stealth
 + Level 0.4 Shields
 * Level 3.1 Spellcasting
 * Level 4.3 Necromancy


You had 5 spell levels left.
You knew the following spells:

 Your Spells              Type           Power        Failure   Level
a - Pain                  Necr           56%          3%          1
b - Animate Skeleton      Necr           28%          3%          1

Your spell library contained the following spells:

 Spells                   Type           Power        Failure   Level
 Vampiric Draining        Necr           7%           11%         3
 Animate Dead             Necr           7%           34%         4
 Agony                    Necr           14%          69%         5


Dungeon Overview and Level Annotations

Branches:
Dungeon (2/15)

Altars:


Innate Abilities, Weirdness & Mutations

You do not drink.
Your flesh is vulnerable to fire.
You are immune to poison.
Your flesh is cold resistant. (rC+)
You are immune to negative energy. (rN+++)
You are immune to unholy pain and torment.
You can survive without breathing.


Message History

There is a stone staircase leading down here.
Casting: Pain (safe; 3% risk of failure)
Confirm with . or Enter, or press ? or * to list all spells.
Aiming: Pain (safe; 3% risk of failure)
Press: ? - help, Shift-Dir - straight line, f - adder
Aim: an adder (chance to affect: 79%)
The adder writhes in agony.
The adder bites you.
* * * LOW HITPOINT WARNING * * *
The adder misses you. The adder barely misses you.
Casting: Pain (safe; 3% risk of failure)
Confirm with . or Enter, or press ? or * to list all spells.
Aiming: Pain (safe; 3% risk of failure)
Press: ? - help, Shift-Dir - straight line, f/p - adder
Aim: an adder (moderately wounded, chance to affect: 79%)
The adder barely resists.
The adder bites you.
* * * LOW HITPOINT WARNING * * *
The adder misses you. The adder bites you.
You die...

.)#.#.# ######### #.#
..###'###.......# #.######
..#8...8#..##...# #.......
#.##.#.##.####..# ########
..#8)#.8#..##...#
..##.#.##.......#################
###8...8########...............).
8#8#...#8#8#8#8#..########..#####
...............#@S...........>..#
##...<...#####.'.#########.......
...............#### ##.###.#
8#8#...#8#8#8#8#..# #.# #.#
###8...8#########.# #.# #.#
##.#.##.......#.# #.# #.#
#8.#.8#..##...#.# #.# #.#
##.#.##.####..#.# #.# #.#
#8...8#..##...#.# #.# #.#


You could see an adder.

Vanquished Creatures
  2 dart slugs (D:1)
  2 leopard geckos
  2 giant cockroaches (D:1)
  3 goblins (D:1)
  3 hobgoblins (D:1)
  2 bats (D:1)
  3 frilled lizards (D:1)
  3 kobolds (D:1)
  A rat (D:1)
21 creatures vanquished.

Notes
Turn   | Place    | Note
-------+----------+-------------------------------------------
     0 | D:1      | suipiss the Mummy Necromancer began the quest for the Orb.
     0 | D:1      | Reached XP level 1. HP: 13/13 MP: 4/4
   564 | D:1      | Reached XP level 2. HP: 19/19 MP: 3/5
   680 | D:1      | Learned a level 1 spell: Animate Skeleton
  1529 | D:1      | Slain by an adder

Illustrated notes

Levels and vault maps discovered:
D:1:      heliophobic_arrival_ceremonial_halls, layout_loops_ring,
          minmay_bisected
D:2:      layout_rooms, nicolae_overflow_hidden_temple, minmay_unequal

Skill      XL: |  1  2 |
---------------+-------+-----
Spellcasting   | 3 |  3.1
Armour         | |  0.4
Dodging        | |  1.7
Stealth        | |  1.7
Shields        | |  0.4
Necromancy     | |  4.3

Action                   || total
-------------------------++-------
Melee: Club              ||    30
 Cast: Pain              ||    42
  Use: Scroll            ||     1
 Stab: Sleeping          ||     1
Armor: Robe              ||    15
Dodge: Dodged            ||    42
